[Event "January 9 Late 2024"]
[Site "https://www.chess.com"]
[Date "2024.01.09"]
[Round "5"]
[White "Zavgorodniy, Sergiy"]
[Black "Carvajal Gorgona, Jonathan"]
[Result "1-0"]
[Board "151"]
[TimeControl "180+1"]
[WhiteFideId "14110148"]
[BlackFideId "6500625"]
[WhiteElo "2609"]
[BlackElo "2337"]
[WhiteTeam "UKR"]
[BlackTeam "CRC"]
[WhiteClock "0:00:33"]
[BlackClock "0:00:06"]

1. d4 c5 2. d5 e5 3. c4 d6 4. Nc3 Be7 5. e4 Nf6 6. h3 O-O 7. Bd3 Nbd7 8. Nf3 Ne8 9. Be3 g6 10. g4 Ng7 11. Rg1 Kh8 12. Bh6 Nf6 13. Rg3 Ng8 14. Bd2 a6 15. a4 b6 16. Qc2 Ra7 17. Kf1 h5 18. g5 Bd7 19. Kg2 Ne8 20. h4 Nc7 21. Rf1 Rb7 22. b3 b5 23. axb5 axb5 24. Nh2 bxc4 25. bxc4 Qb8 26. Bc1 Na6 27. Qd2 Nb4 28. Be2 Bd8 29. Bxh5 gxh5 30. Qe2 Kg7 31. Qxh5 Ne7 32. Qh6+ Kg8 33. h5 Bf5 34. f4 exf4 35. Rxf4 Nd3 36. Rxd3 Rb2+ 37. Bxb2 Qxb2+ 38. Rf2 Qc1 39. exf5 Nxf5 40. Rxf5 Qc2+ 41. Rf2 Qxd3 42. g6 Qxc3 43. Qh7# 1-0

[Event "January 9 Late 2024"]
[Site "https://www.chess.com"]
[Date "2024.01.09"]
[Round "5"]
[White "Gurevich, Dmitry"]
[Black "Bonin, Jay"]
[Result "1-0"]
[Board "152"]
[TimeControl "180+1"]
[WhiteFideId "2000407"]
[BlackFideId "2000644"]
[WhiteElo "2529"]
[BlackElo "2325"]
[WhiteTeam "USA"]
[BlackTeam "USA"]
[WhiteClock "0:00:36"]
[BlackClock "0:00:52"]

1. d4 Nf6 2. c4 g6 3. Nc3 Bg7 4. e4 d6 5. Nf3 O-O 6. Be2 e5 7. O-O exd4 8. Nxd4 Re8 9. f3 Nc6 10. Be3 Nh5 11. Qd2 Nf4 12. Rad1 Nxd4 13. Bxd4 Bxd4+ 14. Qxd4 Nxe2+ 15. Nxe2 b6 16. Nc3 Bb7 17. Nd5 Bxd5 18. cxd5 Qg5 19. Rc1 Re7 20. Rc3 Rae8 21. Rfc1 f5 22. Rxc7 fxe4 23. fxe4 Qf4 24. g3 Qxe4 25. Qxe4 Rxe4 26. Rxa7 Re1+ 27. Rxe1 Rxe1+ 28. Kf2 Rd1 29. Ke3 Rxd5 30. a4 Re5+ 31. Kd3 Rd5+ 32. Kc3 Rc5+ 33. Kb3 d5 34. Ra6 b5 35. a5 d4 36. Rd6 Rc4 37. Rd5 Ra4 38. Rxb5 Ra1 39. Rd5 Kg7 40. Kb4 Rd1 41. a6 Ra1 42. Kb5 Ra2 43. b4 Rxh2 44. a7 Ra2 45. Kb6 h5 46. Ra5 1-0

[Event "January 9 Late 2024"]
[Site "https://www.chess.com"]
[Date "2024.01.09"]
[Round "5"]
[White "Jaiveer Mahendru"]
[Black "Kujawski, Adam"]
[Result "0-1"]
[Board "153"]
[TimeControl "180+1"]
[WhiteFideId "25611151"]
[BlackFideId "1100920"]
[WhiteElo "2512"]
[BlackElo "2284"]
[WhiteTeam "IND"]
[BlackTeam "POL"]
[WhiteClock "0:02:14"]
[BlackClock "0:00:42"]

1. f4 e5 2. fxe5 d6 3. exd6 Bxd6 4. Nf3 Nc6 5. g3 Bg4 6. Bg2 Qd7 7. d3 O-O-O 8. c3 Nf6 9. Kd2 Rhe8 10. Kc2 Bc5 11. Nbd2 Bf5 12. Nb3 Rxe2+ 13. Qxe2 Bxd3+ 14. Kd1 Bxe2+ 15. Kxe2 Qd3+ 16. Ke1 Re8+ 0-1

[Event "January 9 Late 2024"]
[Site "https://www.chess.com"]
[Date "2024.01.09"]
[Round "5"]
[White "Curtis, John"]
[Black "Murtazin, Bulat"]
[Result "1/2-1/2"]
[Board "154"]
[TimeControl "180+1"]
[WhiteFideId "3200256"]
[BlackFideId "24151351"]
[WhiteElo "2125"]
[BlackElo "2499"]
[WhiteTeam "AUS"]
[BlackTeam "RUS"]
[WhiteClock "0:00:12"]
[BlackClock "0:00:06"]

1. d4 Nf6 2. c4 c5 3. d5 e6 4. Nc3 exd5 5. cxd5 d6 6. e4 g6 7. Bb5+ Bd7 8. a4 a6 9. Bd3 Bg7 10. f4 O-O 11. h3 Re8 12. Nge2 c4 13. Bc2 Qb6 14. a5 Qc5 15. g4 Bb5 16. Ng3 Nbd7 17. Kf1 h6 18. Rh2 b6 19. axb6 Qxb6 20. Qf3 Nc5 21. Be3 Re7 22. Re1 Rae8 23. Rf2 Qc7 24. Bd4 Nfd7 25. Bxg7 Kxg7 26. h4 Nd3 27. Bxd3 cxd3 28. Nxb5 axb5 29. Qxd3 Qc4 30. Qxc4 bxc4 31. h5 Nf6 32. hxg6 fxg6 33. g5 hxg5 34. f5 Nxd5 35. fxg6 Kxg6 36. Rc2 Nb6 37. Rd1 Re6 38. Rcd2 Rf8+ 39. Kg2 Rff6 40. Rd4 g4 41. Nf1 Kg5 42. Ne3 Kf4 43. Nxc4 Nxc4 44. Rxc4 Rxe4 45. Rc2 Ke5 46. Rcd2 Rb4 47. Rd5+ Ke4 48. R5d2 Rb3 49. Re1+ Kf4 50. Rf2+ Rf3 51. Rd2 Rh6 52. Red1 Kf5 53. Rxd6 Rxd6 54. Rxd6 Rb3 55. Rd2 Kf4 56. Rf2+ Ke3 57. Rc2 Kd3 58. Rf2 Ke3 59. Rc2 Kf4 60. Rf2+ Ke4 61. Rc2 g3 62. Rc3 Rxb2+ 63. Kxg3 Re2 64. Rc4+ Kd3 65. Rg4 Re3+ 66. Kh4 Re2 67. Kg5 Re3 68. Kf5 Re2 69. Kf4 Kd2 70. Rg5 Rf2+ 71. Kg3 Re2 72. Rd5+ Kc3 73. Rf5 Re3+ 74. Kf4 Rd3 75. Rc5+ Kd4 76. Re5 Rc3 77. Re4+ Kd3 78. Re3+ Kc2 79. Rxc3+ Kxc3 1/2-1/2

[Event "January 9 Late 2024"]
[Site "https://www.chess.com"]
[Date "2024.01.09"]
[Round "5"]
[White "Rohan, Ahuja"]
[Black "Sultanbek, Zeinep"]
[Result "1-0"]
[Board "155"]
[TimeControl "180+1"]
[WhiteFideId "5090598"]
[BlackFideId "13710419"]
[WhiteElo "2717"]
[BlackElo "2302"]
[WhiteTeam "IND"]
[BlackTeam "KAZ"]
[WhiteClock "0:00:37"]
[BlackClock "0:00:01"]

1. Nf3 d5 2. g3 Nf6 3. Bg2 c5 4. O-O Nc6 5. d4 Bg4 6. Ne5 cxd4 7. Nxg4 Nxg4 8. e3 Nf6 9. exd4 e6 10. c3 Be7 11. a4 O-O 12. Nd2 a6 13. Re1 b5 14. b4 Nd7 15. Bf1 Rb8 16. axb5 axb5 17. Nb3 Qb6 18. Bf4 Ra8 19. Bd3 Nf6 20. Qe2 Rxa1 21. Rxa1 Rc8 22. Nc5 Ne8 23. Ra6 Qd8 24. Bxb5 Bxc5 25. dxc5 Ne7 26. Ra7 Nc7 27. Bd3 Nc6 28. Ra1 d4 29. Qe4 dxc3 30. Qxh7+ Kf8 31. Bd6+ 1-0

[Event "January 9 Late 2024"]
[Site "https://www.chess.com"]
[Date "2024.01.10"]
[Round "5"]
[White "Graham, Nathaniel"]
[Black "Wu, Derek"]
[Result "0-1"]
[Board "156"]
[TimeControl "180+1"]
[WhiteFideId "2007983"]
[BlackFideId "30914558"]
[WhiteElo "2308"]
[BlackElo "2662"]
[WhiteTeam "USA"]
[BlackTeam "USA"]
[WhiteClock "0:00:05"]
[BlackClock "0:01:03"]

1. e4 c5 2. Nf3 e6 3. d4 cxd4 4. Nxd4 Nf6 5. Nc3 Nc6 6. Ndb5 Bb4 7. a3 Bxc3+ 8. Nxc3 d5 9. Bd3 dxe4 10. Nxe4 Nxe4 11. Bxe4 Qxd1+ 12. Kxd1 Bd7 13. Be3 f5 14. Bf3 e5 15. Bd5 O-O-O 16. Ke2 Rhe8 17. c3 f4 18. Bc5 e4 19. Bxc6 Bxc6 20. Rhd1 Bb5+ 21. Ke1 b6 22. Bd4 g6 23. Bf6 Rxd1+ 24. Rxd1 Bd3 25. Kd2 Re6 26. Bd4 Kb7 27. h4 Kc6 28. g3 fxg3 29. fxg3 Re7 30. Be3 Rf7 31. Bf4 Kd5 32. b3 a5 33. c4+ Kc6 34. Kc3 h6 35. b4 axb4+ 36. axb4 g5 37. b5+ Kb7 38. hxg5 hxg5 39. Bxg5 Rc7 40. Rxd3 exd3 41. Kxd3 Rd7+ 42. Kc3 Rg7 43. Bf4 Kc8 44. Kb4 Re7 45. g4 Re4 46. Bg3 Rxg4 47. Bf2 Rg6 48. c5 Rg4+ 49. Kc3 Rg2 50. Bd4 Rg3+ 51. Kc4 bxc5 52. Kxc5 Rg5+ 53. Kc6 Rg6+ 54. Kc5 Kb7 55. b6 Rxb6 56. Kd5 Rb5+ 57. Kc4 Kc6 58. Bc3 Rh5 59. Kd4 Rh4+ 60. Kd3 Kd5 61. Kc2 Kc4 62. Bd2 Rh2 63. Kc1 Rg2 64. Be3 Kc3 65. Kd1 Kd3 66. Bb6 Rb2 67. Be3 Kxe3 0-1

[Event "January 9 Late 2024"]
[Site "https://www.chess.com"]
[Date "2024.01.10"]
[Round "5"]
[White "Rama, Tejas"]
[Black "Haack, Kevin"]
[Result "1-0"]
[Board "157"]
[TimeControl "180+1"]
[WhiteFideId "30907381"]
[BlackFideId "16228715"]
[WhiteElo "2625"]
[BlackElo "2293"]
[WhiteTeam "USA"]
[BlackTeam "GER"]
[WhiteClock "0:00:05"]
[BlackClock "0:00:01"]

1. d4 d5 2. c4 c6 3. Nc3 Nf6 4. e3 Bg4 5. f3 Be6 6. cxd5 cxd5 7. Bd3 Nc6 8. Nge2 Bd7 9. O-O e5 10. e4 dxe4 11. Nxe4 exd4 12. Bg5 Be7 13. Bxf6 Bxf6 14. Nd6+ Kf8 15. Nxb7 Qe7 16. Re1 Rb8 17. Ba6 g6 18. Nf4 Be5 19. Nd3 Qf6 20. Nbc5 Bf5 21. g4 Bxd3 22. Nd7+ Kg7 23. Nxf6 Bxa6 24. Nd7 Rb5 25. Nxe5 Nxe5 26. Qxd4 f6 27. Qxa7+ Bb7 28. Re3 Ra8 29. Qd4 Nxf3+ 30. Rxf3 Bxf3 31. Qd7+ Kh6 32. Qxb5 Rd8 33. Qf1 Bxg4 34. Qf4+ Kh5 35. Rf1 f5 36. a4 Re8 37. a5 Re4 38. Qb8 Re2 39. a6 Bh3 40. Qg3 Bxf1 41. Qf3+ Kh6 42. a7 Rg2+ 43. Qxg2 Bxg2 44. Kxg2 1-0

[Event "January 9 Late 2024"]
[Site "https://www.chess.com"]
[Date "2024.01.09"]
[Round "5"]
[White "Szente Varga, Fruzsina"]
[Black "Gubajdullin, Alexei"]
[Result "0-1"]
[Board "158"]
[TimeControl "180+1"]
[WhiteFideId "712264"]
[BlackFideId "4141202"]
[WhiteElo "2301"]
[BlackElo "2622"]
[WhiteTeam "HUN"]
[BlackTeam "RUS"]
[WhiteClock "0:00:12"]
[BlackClock "0:00:41"]

1. e4 e5 2. Nf3 Nf6 3. Nc3 Bb4 4. Bc4 O-O 5. O-O Bxc3 6. dxc3 d6 7. Bg5 h6 8. Bxf6 Qxf6 9. Qd3 Nd7 10. b4 Nb6 11. Bb3 a5 12. a4 Be6 13. Nd2 Rfd8 14. Qg3 d5 15. f4 exf4 16. Rxf4 Qg5 17. Qxg5 hxg5 18. Rf2 d4 19. Bxe6 fxe6 20. cxd4 Rxd4 21. c3 Rd3 22. bxa5 Rxa5 23. Nb3 Re5 24. a5 Nc4 25. Ra4 Rxc3 26. Nd4 Rxe4 27. Ne2 Rc2 28. Ng3 Rc1+ 29. Rf1 Rxf1+ 30. Nxf1 Nd6 31. Ra1 c5 32. Rb1 c4 33. Rb6 Rd4 34. Ne3 c3 35. Kf2 c2 36. Nxc2 Rd2+ 37. Kf3 Nc4 38. Rxb7 Rxc2 39. a6 Ra2 40. a7 Kh7 41. g3 Ne5+ 42. Ke4 Nc6 43. Rb6 Ra4+ 44. Kf3 Ne5+ 45. Ke3 Nc4+ 0-1

[Event "January 9 Late 2024"]
[Site "https://www.chess.com"]
[Date "2024.01.09"]
[Round "5"]
[White "Lopez Del Alamo, Antonio"]
[Black "Garakov, Mikhael"]
[Result "0-1"]
[Board "159"]
[TimeControl "180+1"]
[WhiteFideId "2227339"]
[BlackFideId "4169034"]
[WhiteElo "2292"]
[BlackElo "2621"]
[WhiteTeam "ESP"]
[BlackTeam "RUS"]
[WhiteClock "0:00:12"]
[BlackClock "0:00:11"]

1. e4 c5 2. Nf3 e6 3. d3 Nc6 4. g3 Nf6 5. Bg2 d5 6. Nbd2 g6 7. O-O Bg7 8. Re1 O-O 9. Qe2 a5 10. c3 a4 11. e5 Nd7 12. d4 cxd4 13. cxd4 Qb6 14. Qd3 Nb4 15. Qb1 Qc7 16. Re3 Ra6 17. a3 Nc6 18. Rc3 Nb6 19. Bf1 Ra8 20. Qd3 Qd8 21. Be2 Na5 22. Nf1 h6 23. h4 Nb3 24. Rb1 Nxc1 25. Rbxc1 Nc4 26. Qb1 b5 27. Ne1 f6 28. f4 fxe5 29. fxe5 Qb6 30. Qxg6 Qxd4+ 31. Kh1 Nxe5 32. Qh5 Bd7 33. Nd3 Be8 34. Nxe5 Bxh5 35. Bxh5 Qxe5 36. Bf3 d4 37. Rd3 Rac8 38. Rcd1 Rc2 39. R1d2 Rxd2 40. Rxd2 Rxf3 0-1

[Event "January 9 Late 2024"]
[Site "https://www.chess.com"]
[Date "2024.01.09"]
[Round "5"]
[White "Yurovskykh, Oleksandr"]
[Black "Slavin, Alexey"]
[Result "1/2-1/2"]
[Board "160"]
[TimeControl "180+1"]
[WhiteFideId "14134020"]
[BlackFideId "24104388"]
[WhiteElo "2620"]
[BlackElo "2290"]
[WhiteTeam "UKR"]
[BlackTeam "RUS"]
[WhiteClock "0:00:17"]
[BlackClock "0:00:20"]

1. d4 Nc6 2. Nf3 d6 3. d5 Ne5 4. Nxe5 dxe5 5. e4 a6 6. Bc4 Nf6 7. f3 e6 8. dxe6 Qxd1+ 9. Kxd1 Bxe6 10. Bxe6 fxe6 11. Be3 O-O-O+ 12. Ke2 Be7 13. Nd2 h6 14. Nc4 Nd7 15. Rhd1 Bf6 16. Rd3 Nb8 17. Rad1 Nc6 18. c3 Rxd3 19. Rxd3 Rd8 20. Rxd8+ Kxd8 21. a4 b5 22. axb5 axb5 23. Na3 b4 24. Nc4 bxc3 25. bxc3 Kd7 26. Kd3 Ne7 27. Nb2 Nc8 28. Na4 Kc6 29. c4 Be7 30. Kc2 Nd6 31. Kb3 Nb7 32. Nb2 Bc5 33. Bc1 Bd4 34. Nd3 Nc5+ 35. Nxc5 Bxc5 36. Bb2 Bd4 37. Ba3 g6 38. Bf8 h5 39. h3 Ba1 40. Be7 Bd4 41. Bf6 Kd6 42. Kb4 Bc5+ 43. Kb5 c6+ 44. Ka4 Bd4 45. Kb4 Bc5+ 46. Kc3 Bd4+ 47. Kd3 Bc5 48. Bg7 Bd4 49. Bf6 Bc5 50. g4 Bd4 51. f4 hxg4 52. hxg4 c5 53. f5 exf5 54. gxf5 gxf5 55. Bd8 f4 56. Bh4 Ke6 57. Ke2 Kf7 58. Kf3 Kg6 59. Be7 Kh5 60. Bd8 Kg6 61. Be7 Kf7 62. Bh4 Ke6 63. Be1 Kd6 64. Kg4 Ke6 65. Kf3 Kd6 66. Bd2 Kc6 67. Ba5 Kb7 68. Be1 Ka6 69. Bd2 Kb6 70. Ke2 Kc6 71. Kf3 Bb2 72. Be1 Ba3 73. Bc3 Kd6 74. Ba1 Bb4 75. Kg4 Ke6 76. Bb2 Ba5 77. Ba1 Bd2 78. Bb2 Be3 79. Bc3 Bd4 80. Be1 Kd6 81. Bd2 Be3 82. Bc3 Ke6 83. Be1 Bc1 84. Bc3 Ba3 85. Kf3 Bb4 86. Bb2 Bd2 87. Ba1 Be3 88. Bc3 Bd4 89. Be1 1/2-1/2

[Event "January 9 Late 2024"]
[Site "https://www.chess.com"]
[Date "2024.01.10"]
[Round "5"]
[White "Nouali, Mohamed"]
[Black "Coelho, Ramyres Santana"]
[Result "1-0"]
[Board "162"]
[TimeControl "180+1"]
[WhiteFideId "5502462"]
[BlackFideId "2120690"]
[WhiteElo "2543"]
[BlackElo "2269"]
[WhiteTeam "TUN"]
[BlackTeam "BRA"]
[WhiteClock "0:01:59"]
[BlackClock "0:01:47"]

1. e4 c5 2. Nf3 d6 3. d4 cxd4 4. Nxd4 Nf6 5. Nc3 a6 6. Bc4 e6 7. Bb3 Be7 8. g4 O-O 9. g5 Ne8 10. h4 Nc6 11. Be3 Nxd4 12. Qxd4 b5 13. f4 Bb7 14. O-O-O Qc7 15. h5 e5 16. Qd3 b4 17. Nd5 Bxd5 18. Bxd5 Rc8 19. g6 Nf6 20. h6 Nxd5 21. gxh7+ Kh8 22. hxg7+ Kxg7 23. h8=Q+ Rxh8 24. Rdg1+ Kf6 25. fxe5+ dxe5 26. Bg5+ Kg6 27. Bxe7# 1-0

[Event "January 9 Late 2024"]
[Site "https://www.chess.com"]
[Date "2024.01.09"]
[Round "5"]
[White "Bazzano, Sebastian"]
[Black "Uz, Kagan"]
[Result "0-1"]
[Board "163"]
[TimeControl "180+1"]
[WhiteFideId "104566"]
[BlackFideId "30986680"]
[WhiteElo "2264"]
[BlackElo "2521"]
[WhiteTeam "ARG"]
[BlackTeam "USA"]
[WhiteClock "0:00:00"]
[BlackClock "0:00:06"]

1. d4 e5 2. dxe5 Nc6 3. Nf3 Qe7 4. g3 b6 5. Bg2 Bb7 6. O-O f6 7. exf6 Nxf6 8. Nc3 O-O-O 9. Bg5 Kb8 10. Nd5 Qf7 11. c4 h6 12. Bf4 d6 13. Nd4 g5 14. Nxf6 Nxd4 15. Bxb7 Kxb7 16. Qxd4 gxf4 17. Qxf4 Bg7 18. Nd5 Qd7 19. Rab1 h5 20. h4 Be5 21. Qe4 c6 22. Nb4 Rhg8 23. Kh2 Rg4 24. f4 Rdg8 25. Rf3 Bf6 26. Rd1 Bxh4 27. Rg1 Bd8 28. Nd3 h4 29. Qe3 hxg3+ 30. Rfxg3 Rh4+ 31. Rh3 Rxh3+ 32. Qxh3 Qxh3+ 33. Kxh3 Rxg1 0-1

[Event "January 9 Late 2024"]
[Site "https://www.chess.com"]
[Date "2024.01.09"]
[Round "5"]
[White "Sami, Sama"]
[Black "Tan, Ralph"]
[Result "0-1"]
[Board "164"]
[TimeControl "180+1"]
[WhiteFideId "4802926"]
[BlackFideId "30966590"]
[WhiteElo "2264"]
[BlackElo "2518"]
[WhiteTeam "IRQ"]
[BlackTeam "USA"]
[WhiteClock "0:00:14"]
[BlackClock "0:00:10"]

1. e4 c6 2. d4 d5 3. e5 c5 4. dxc5 e6 5. a3 Bxc5 6. Qg4 Ne7 7. Nf3 Nbc6 8. b4 Bb6 9. Qxg7 Rg8 10. Qxh7 Nd4 11. Nbd2 Qc7 12. Ra2 Bd7 13. Nxd4 Bxd4 14. Nf3 Bxe5 15. Bg5 Rh8 16. Qd3 f6 17. Be3 a6 18. c4 dxc4 19. Qxc4 Qxc4 20. Bxc4 Rc8 21. Nxe5 fxe5 22. Bd3 Nd5 23. O-O Rc3 24. Bg6+ Ke7 25. Bc5+ Kf6 26. Be4 Bb5 27. Re1 Nf4 28. g3 Nh3+ 29. Kg2 Ng5 30. Bxb7 Rb8 31. h4 Rxb7 32. hxg5+ Kxg5 33. Rxe5+ Kf6 34. Re3 Bc6+ 35. f3 Rc1 36. Rae2 Bd5 37. g4 Rh7 38. Kg3 Rg1+ 39. Kf2 Rd1 40. Re1 Rd2+ 41. R3e2 Rd3 42. Re3 Rd2+ 43. R1e2 Rd1 44. g5+ Kxg5 45. Be7+ Kg6 46. Re5 Rh2+ 47. Ke3 Rh3 48. Rg5+ Kf7 49. Bc5 Rxf3# 0-1

[Event "January 9 Late 2024"]
[Site "https://www.chess.com"]
[Date "2024.01.09"]
[Round "5"]
[White "Romero Ruscalleda, Josep"]
[Black "Urbina Perez, Juan Antonio"]
[Result "0-1"]
[Board "165"]
[TimeControl "180+1"]
[WhiteFideId "2231859"]
[BlackFideId "2217368"]
[WhiteElo "2261"]
[BlackElo "2517"]
[WhiteTeam "ESP"]
[BlackTeam "ESP"]
[WhiteClock "0:00:12"]
[BlackClock "0:00:19"]

1. e4 c6 2. Nc3 d5 3. Nf3 dxe4 4. Nxe4 Nf6 5. Qe2 Nxe4 6. Qxe4 Nd7 7. Bc4 Nf6 8. Ne5 e6 9. Qe2 Bd6 10. d4 b5 11. Bd3 Bb7 12. O-O O-O 13. Bg5 Be7 14. c3 a6 15. a4 Qc7 16. Rfe1 c5 17. dxc5 Qxc5 18. axb5 axb5 19. Rxa8 Rxa8 20. Bxf6 Bxf6 21. Nd7 Qc6 22. Nxf6+ gxf6 23. Qg4+ Kf8 24. h3 Ra4 25. Qg3 Ra2 26. Re2 b4 27. cxb4 Ra1+ 28. Kh2 f5 29. b5 Qd5 30. b3 f4 31. Qg4 Qxd3 32. Re5 f3 33. Qg5 fxg2 34. Qh6+ Ke8 35. Rg5 Rh1# 0-1

[Event "January 9 Late 2024"]
[Site "https://www.chess.com"]
[Date "2024.01.09"]
[Round "5"]
[White "Soderstrom, Adrian"]
[Black "Harish, Neeraj"]
[Result "1-0"]
[Board "166"]
[TimeControl "180+1"]
[WhiteFideId "1745786"]
[BlackFideId "30958130"]
[WhiteElo "2508"]
[BlackElo "2254"]
[WhiteTeam "SWE"]
[BlackTeam "USA"]
[WhiteClock "0:01:43"]
[BlackClock "0:00:49"]

1. e4 c6 2. d4 d5 3. Nd2 dxe4 4. Nxe4 Nf6 5. Nxf6+ exf6 6. Bc4 Bd6 7. Qe2+ Qe7 8. Qxe7+ Kxe7 9. Ne2 Re8 10. Bf4 Bxf4 11. Nxf4 Kf8+ 12. Kd2 Bf5 13. Rae1 Nd7 14. Bd3 Bxd3 15. Nxd3 Rxe1 16. Rxe1 Re8 17. Re3 Rxe3 18. Kxe3 Ke7 19. c4 Nb6 20. b3 g6 21. Nc5 a5 22. Nxb7 a4 23. Na5 axb3 24. axb3 Kd7 25. b4 Nc8 26. Nb3 Nb6 27. Kd3 Kc7 28. Nd2 f5 29. Nf3 f6 30. h4 Kd7 31. Ng1 Ke6 32. Ne2 Ke7 33. Nf4 Kd7 34. Kc3 Ke7 35. Nd3 Kd7 36. g3 Ke7 37. Nf4 Kd7 38. d5 cxd5 39. Nxd5 Nxd5+ 40. cxd5 Kd6 41. Kd4 h5 42. f4 g5 43. b5 g4 44. b6 Kd7 45. Kc5 1-0

[Event "January 9 Late 2024"]
[Site "https://www.chess.com"]
[Date "2024.01.09"]
[Round "5"]
[White "Senft, Sean"]
[Black "Eggleston, Thomas A"]
[Result "0-1"]
[Board "167"]
[TimeControl "180+1"]
[WhiteFideId "2044960"]
[BlackFideId "412139"]
[WhiteElo "2504"]
[BlackElo "2252"]
[WhiteTeam "USA"]
[BlackTeam "ENG"]
[WhiteClock "0:00:00"]
[BlackClock "0:00:11"]

1. d4 e6 2. c4 f5 3. Nc3 Nf6 4. Nf3 Bb4 5. g3 O-O 6. Bg2 Kh8 7. O-O d6 8. Bg5 Bxc3 9. bxc3 Qe8 10. Bxf6 Rxf6 11. Nd2 e5 12. e3 Nc6 13. Rb1 Na5 14. Qc1 Rb8 15. Qa3 b6 16. c5 Ba6 17. Rfd1 Bd3 18. Rb2 dxc5 19. dxc5 e4 20. Bf1 Rd8 21. Bxd3 Rxd3 22. Rbb1 Rc6 23. Qa4 Qd8 24. Qc2 Rxc5 25. Nb3 Nxb3 26. Qxb3 Rcd5 27. Rdc1 Rd2 28. Qa4 Ra5 29. Qc4 Raxa2 30. Rf1 h6 31. Qf7 Qd7 32. Qf8+ Kh7 33. h4 Rd6 34. Rb4 c5 35. Rbb1 a5 36. h5 a4 37. c4 a3 38. Qa8 Qc6 39. Qf8 Qd7 40. Qa8 Qc6 0-1

[Event "January 9 Late 2024"]
[Site "https://www.chess.com"]
[Date "2024.01.09"]
[Round "5"]
[White "Gonzalez Vega, Alejandro"]
[Black "Benedetti, Julio"]
[Result "0-1"]
[Board "168"]
[TimeControl "180+1"]
[WhiteFideId "3510042"]
[BlackFideId "172545"]
[WhiteElo "2237"]
[BlackElo "2500"]
[WhiteTeam "CUB"]
[BlackTeam "ARG"]
[WhiteClock "0:00:00"]
[BlackClock "0:01:03"]

1. e4 c5 2. Nf3 d6 3. d4 cxd4 4. c3 Nf6 5. cxd4 Nxe4 6. d5 Nf6 7. Nc3 g6 8. Bd3 Bg7 9. O-O O-O 10. h3 Nbd7 11. Re1 Nc5 12. Bc2 a5 13. Bg5 h6 14. Bh4 Re8 15. Qd2 Bd7 16. a4 Qb6 17. Nd4 Qb4 18. Bg3 Nxd5 19. Ndb5 Bxb5 20. Qxd5 Bc6 21. Qa2 Kf8 22. Rac1 Rad8 23. Nd5 Qxb2 24. Qc4 Bxd5 25. Qxd5 Qd4 26. Qf3 Qf6 27. Qd5 Rc8 28. Rcd1 Red8 29. Bb1 Rd7 30. Ba2 Nxa4 31. Qxa5 Nc3 32. Bd5 Nxd1 33. Rxd1 Qc3 34. Qb6 Be5 35. Bxe5 dxe5 36. Qb5 Rcd8 0-1

[Event "January 9 Late 2024"]
[Site "https://www.chess.com"]
[Date "2024.01.09"]
[Round "5"]
[White "Salman, Ilhan Serhat"]
[Black "Jose Iraeta, Alejandro"]
[Result "0-1"]
[Board "169"]
[TimeControl "180+1"]
[WhiteFideId "6361579"]
[BlackFideId "2226537"]
[WhiteElo "2499"]
[BlackElo "2232"]
[WhiteTeam "TUR"]
[BlackTeam "ESP"]
[WhiteClock "0:01:23"]
[BlackClock "0:00:11"]

1. e4 e5 2. Nf3 d5 3. Nxe5 Bd6 4. d4 dxe4 5. Nc3 Bxe5 6. dxe5 Qxd1+ 7. Nxd1 Nc6 8. Nc3 Nxe5 9. Nxe4 Bf5 10. Bb5+ Kf8 11. Ng3 Bxc2 12. O-O Bd3 13. Bxd3 Nxd3 14. Rd1 Nxc1 15. Raxc1 Rc8 16. Rd7 Nf6 17. Rdxc7 Rxc7 18. Rxc7 g6 19. Rxb7 Kg7 20. Rxa7 Rc8 21. h3 Rc1+ 22. Kh2 Rc2 23. b4 Rxf2 24. b5 h5 25. b6 h4 26. Nh1 Rb2 27. a4 Rxb6 28. a5 Rb2 29. Kg1 Ra2 30. Nf2 Nh5 31. a6 Ng3 32. Ng4 Ra4 33. Kf2 Ne4+ 34. Ke3 Ng3 35. Ne5 Re4+ 36. Kf3 Rxe5 37. Rb7 Ra5 38. a7 g5 39. Ke3 Kg6 40. Kd3 f5 41. Kc3 f4 42. Kb4 Ra1 43. Kb5 Kf5 44. Kc6 Ke4 45. Kb6 Ke3 46. Re7+ Kf2 47. Re5 Kxg2 48. Ra5 Rb1+ 49. Kc5 Rc1+ 50. Kd5 Rc8 51. Rb5 Ra8 52. Rb7 Kxh3 53. Ke5 f3 54. Rb8 Rxa7 55. Rb2 Rf7 56. Ke6 Rf5 57. Rf2 Rf4 58. Ke5 Ne4 59. Rf1 f2 60. Kd4 Kg4 61. Ke3 Ng3 62. Rxf2 Rxf2 63. Kxf2 Nf5 64. Kg2 Kf4 65. Kh2 g4 66. Kg2 Ke3 67. Kh2 Nd4 68. Kg2 Ke2 69. Kh2 Kf2 70. Kh1 Nf5 71. Kh2 g3+ 72. Kh3 Ng7 73. Kg4 g2 74. Kh3 g1=Q 75. Kxh4 Nf5+ 76. Kh5 Ne3 77. Kh6 Kf3 78. Kh5 Kf4 79. Kh6 Kf5 80. Kh7 Kf6 81. Kh6 Qg6# 0-1

[Event "January 9 Late 2024"]
[Site "https://www.chess.com"]
[Date "2024.01.09"]
[Round "5"]
[White "Svicevic, Rastko"]
[Black "Palencia Morales, Wilson Guillermo"]
[Result "1-0"]
[Board "170"]
[TimeControl "180+1"]
[WhiteFideId "916315"]
[BlackFideId "4401859"]
[WhiteElo "2226"]
[BlackElo "2497"]
[WhiteTeam "SRB"]
[BlackTeam "COL"]
[WhiteClock "0:00:39"]
[BlackClock "0:00:07"]

1. d4 Nf6 2. Bg5 Ne4 3. Bf4 c5 4. d5 g6 5. f3 Nf6 6. e4 Bg7 7. c3 d6 8. a4 O-O 9. Na3 Nbd7 10. Bd3 Nh5 11. Be3 Ne5 12. Ne2 e6 13. Ng3 Nxg3 14. hxg3 exd5 15. exd5 Re8 16. Kf2 f5 17. Nc4 Nxc4 18. Bxc4 Bd7 19. Qd2 Qf6 20. Bg5 Qf7 21. a5 b5 22. axb6 axb6 23. Rxa8 Rxa8 24. Re1 Re8 25. Rxe8+ Qxe8 26. Qe2 b5 27. Qxe8+ Bxe8 28. Ba2 c4 29. Be7 Bf8 30. Bxf8 Kxf8 31. Ke3 Ke7 32. Bb1 Kf6 33. f4 g5 34. Bc2 h5 35. b3 cxb3 36. Bxb3 h4 37. fxg5+ Kxg5 38. gxh4+ Kg4 39. Bd1+ Kg3 40. h5 f4+ 41. Ke4 Bf7 42. Bf3 Be8 43. Kf5 Bd7+ 44. Kf6 Bh3 45. h6 Bxg2 46. Bxg2 Kxg2 47. h7 f3 48. h8=Q f2 49. Qg7+ Kh1 50. Qh6+ Kg2 51. Qg5+ Kh2 52. Qh4+ Kg2 53. Qg4+ Kh2 54. Qf3 Kg1 55. Qg3+ 1-0

[Event "January 9 Late 2024"]
[Site "https://www.chess.com"]
[Date "2024.01.09"]
[Round "5"]
[White "Mullodzhanov, Nathaniel"]
[Black "Skurikhin, Dmitrij"]
[Result "1-0"]
[Board "171"]
[TimeControl "180+1"]
[WhiteFideId "30961580"]
[BlackFideId "4161297"]
[WhiteElo "2495"]
[BlackElo "2225"]
[WhiteTeam "USA"]
[BlackTeam "RUS"]
[WhiteClock "0:00:35"]
[BlackClock "0:00:00"]

1. e4 c6 2. Nc3 d5 3. Nf3 Bg4 4. h3 Bxf3 5. Qxf3 e6 6. d3 Nf6 7. Bg5 Be7 8. O-O-O h6 9. Bh4 Qa5 10. e5 Ng8 11. Bg3 d4 12. Ne4 Qxa2 13. Qg4 Bb4 14. c3 dxc3 15. Nxc3 Bxc3 16. bxc3 Qa1+ 17. Kd2 Qb2+ 18. Ke3 Ne7 19. c4 Nd7 20. Rd2 Nf5+ 21. Ke2 Nd4+ 22. Ke1 Qc1+ 23. Qd1 Qxd1+ 24. Rxd1 Nc5 25. f4 Rc8 26. Bf2 Rd8 27. g4 O-O 28. Bg2 f6 29. exf6 Rxf6 30. Bh4 Nc2+ 31. Kd2 Nb4 32. Bxf6 gxf6 33. Kc3 Nbxd3 34. Bf1 Na4+ 35. Kb3 Ndc5+ 36. Kc2 Rxd1 37. Kxd1 Nc3+ 38. Kc2 N3e4 39. Bg2 Kf7 40. Rd1 Ke7 41. Ra1 a6 42. Rb1 f5 43. Bxe4 fxe4 44. Kd2 1-0

[Event "January 9 Late 2024"]
[Site "https://www.chess.com"]
[Date "2024.01.09"]
[Round "5"]
[White "Novikov, Evgenij"]
[Black "Ferriz Barrios, Andres"]
[Result "1-0"]
[Board "172"]
[TimeControl "180+1"]
[WhiteFideId "4125380"]
[BlackFideId "5104467"]
[WhiteElo "2477"]
[BlackElo "2222"]
[WhiteTeam "RUS"]
[BlackTeam "MEX"]
[WhiteClock "0:00:32"]
[BlackClock "0:00:48"]

1. e4 c5 2. Nf3 Nc6 3. Nc3 Nf6 4. d4 cxd4 5. Nxd4 e6 6. Nxc6 bxc6 7. Bd3 Bd6 8. O-O Bc7 9. Kh1 h5 10. f4 Ng4 11. Qf3 Qh4 12. h3 Bb6 13. Nd1 Bb7 14. Be3 c5 15. c4 f5 16. Nc3 Ba5 17. Nb5 Ke7 18. Bxc5+ Kd8 19. Nd6 Bc6 20. b4 Bc7 21. Nf7+ Kc8 22. Nxh8 fxe4 23. Bxe4 Bxe4 24. Qxe4 Rb8 25. Ng6 Qg3 26. hxg4 hxg4 27. Rad1 1-0